 Dungeon Crawl Stone Soup version 0.30.1 (webtiles) character file.

Game seed: 5992672382280241454

77 Sabo the Chopper (level 4, 0/44 HPs)
             Began as a Naga Monk on July 7, 2023.
             Slain by a gnoll
             ... wielding a +0 flail
              (8 damage)
             ... on level 2 of the Dungeon.
             The game lasted 00:08:38 (1894 turns).

Sabo the Chopper (Naga Monk)                        Turns: 1894, Time: 00:08:39

Health: 0/44       AC:  2    Str: 22    XL:     4   Next: 33%
Magic:  4/4        EV: 10    Int: 10    God:
Gold:   53         SH:  0    Dex: 13    Spells: 3/3 levels left

rFire   . . .        a - +0 hand axe
rCold   . . .        d - orb {light}
rNeg    . . .        b - +0 robe
rPois   +            (no helmet)
rElec   .            (no cloak)
rCorr   .            (no gloves)
SInv    +            (no barding)
Will    .....        l - amulet of regeneration
Stlth   +            g - +6 ring of strength
HPRegen 1.07/turn    (no ring)
MPRegen 0.09/turn

%: no passive effects
@: confused, ambrosia-drunk, glowing, very slow
A: AC +1, large, see invisible, deformed body, poison resistance, slowness 2,
spit poison 1, naga tail 1
a: Spit Poison


You were on level 2 of the Dungeon.
You visited 1 branch of the dungeon, and saw 2 of its levels.

You collected 53 gold pieces.

Inventory:

Hand Weapons
 a - a +0 hand axe (weapon)
 e - a +1 dagger of freezing
 f - a +0 dagger of protection
 k - a +0 sling
Armour
 b - a +0 robe (worn)
 d - an orb of light (worn)
Jewellery
 g - a +6 ring of strength (left hand)
 l - an amulet of regeneration (around neck)
Scrolls
 i - a scroll of teleportation {unknown}
 j - a scroll of amnesia {unknown}
Potions
 h - a potion of magic {unknown}


   Skills:
 + Level 3.7 Fighting
 + Level 3.9 Axes
 + Level 2.9 Dodging
 + Level 0.1 Stealth


You had 3 spell levels left.
You didn't know any spells.
Your spell library contained the following spells:

 Spells                   Type           Power      Damage    Failure   Level
 Necrotise                Necr           0%         1d4       36%         1
 Vampiric Draining        Necr           0%         2d6       75%         3
 Agony                    Necr           0%         N/A       100%        5


Dungeon Overview and Level Annotations

Branches:
Dungeon (2/15)

Altars:


Innate Abilities, Weirdness & Mutations

Your serpentine skin is tough. (AC +1)
You have supernaturally acute eyesight. (SInv)
Armour fits poorly on your strangely shaped body.
Your system is resistant to poisons. (rPois)
You cover ground very slowly.
You can spit poison.
You have a snake-like lower body.


Message History

You finish putting on your amulet of regeneration.
The amulet throbs as it attunes itself to your uninjured body.
l - an amulet of regeneration (around neck)
A gnoll comes into view. It is wielding a +0 halberd.
The gnoll shouts!
You hear a shout!
The gnoll moves out of view. 3 gnolls come into view.
A gnoll is wielding a +2 antimagic spear.
Found a hand axe and a cloak.
The gnoll shouts!
The gnoll moves out of view.
Found 13 gold pieces.
The gnoll barely misses you.
Aiming: Spit Poison (1% risk of failure)
Press: ? - help, Shift-Dir - straight line, f - gnoll
Aim: a gnoll, wielding a +2 antimagic spear (haloed, 79% to hit)
The splash of poison hits the gnoll.
The gnoll is moderately wounded.
The gnoll hits you from afar with a +2 antimagic spear.
You feel your power leaking away. The gnoll barely misses you.
You have got your breath back.
The gnoll hits you with a +0 flail!
You hit the gnoll.
The gnoll is moderately wounded.
The gnoll hits you with a +0 flail.
You hit the gnoll.
The gnoll is severely wounded.
The gnoll barely misses you.
The gnoll hits you from afar with a +0 halberd!
The gnoll barely misses you. The gnoll closely misses you.
The gnoll hits you with a +0 halberd! The gnoll barely misses you.
The gnoll closely misses you.
You are confused.
You feel invigorated. The gnoll hits you with a +0 flail.
The gnoll hits you with a +0 halberd! The gnoll hits you with a +0 flail!
* * * LOW HITPOINT WARNING * * *
The gnoll hits you from afar with a +2 antimagic spear.
* * * LOW HITPOINT WARNING * * *
You bump into the rock wall.
The gnoll hits you with a +0 flail!
You die...

####[.#.##. #.....†.#..
##. #.###.###.###.... #
###.....###.#...#
...... #.
#........##...#####
......# #.
..#.........##.....
.......###
....######.....#
#......... ..##
#.....g### #......... .
......##...@g##
#....... ######
#####gg### #.....
#......)# #..<..
.....g.....# #....÷
...........# # #.....
...........#.#.####....
...........+.8P.PP##.<.
...........# #P_.####
..[.......). ##.P.P8.


You could see 4 gnolls.

Vanquished Creatures
  3 adders (D:2)
  A worm (D:2)
  3 dart slugs (D:1)
  3 bats
  4 endoplasms
  2 giant cockroaches
  5 goblins
  2 hobgoblins
  4 kobolds
  A quokka (D:2)
  3 ball pythons
  A frilled lizard (D:2)
  9 rats
41 creatures vanquished.

Notes
Turn   | Place    | Note
-------+----------+-------------------------------------------
     0 | D:1      | Sabo the Naga Monk began the quest for the Orb.
     0 | D:1      | Reached XP level 1. HP: 21/21 MP: 1/1
   176 | D:1      | Reached XP level 2. HP: 28/28 MP: 2/2
  1164 | D:1      | Reached XP level 3. HP: 28/34 MP: 3/3
  1390 | D:2      | Found a faded altar of an unknown god.
  1685 | D:2      | Reached XP level 4. HP: 31/44 MP: 4/4
  1894 | D:2      | Slain by a gnoll

Illustrated notes

Levels and vault maps discovered:
D:1:      onia_arrival_mini_spirals, layout_basic
D:2:      layout_rooms, shapermc_ecumenical_altar_ellora

Action                     |  1- 3 |  4- 6 || total
---------------------------+-------+-------++-------
  Melee: Hand axe          |    65 |    18 ||    83
Ability: Spit Poison       |    20 |     4 ||    24
    Use: Potion            |       |     1 ||     1
 Armour: Robe              |    17 |     2 ||    19
  Dodge: Dodged            |    27 |    20 ||    47
